 Dungeon Crawl Stone Soup version 0.30-a0-779-g7971cf19c3 (webtiles) character file.

Game seed: 12002170933142108018

119 Griffin23 the Trooper (level 4, -4/41 HPs)
             Began as a Minotaur Fighter on Feb 17, 2023.
             Slain by a lemure (6 damage)
             ... led by Pikel
             ... on level 3 of the Dungeon.
             The game lasted 00:03:26 (3400 turns).

Griffin23 the Trooper (Minotaur Fighter)            Turns: 3400, Time: 00:03:27

Health: -4/41      AC:  7    Str: 21    XL:     4   Next: 73%
Magic:  3/3        EV:  9    Int:  5    God:
Gold:   136        SH:  4    Dex: 11    Spells: 3/3 levels left

rFire   . . .      SeeInvis .    a - +0 long sword
rCold   . . .      Faith    .    c - +0 buckler
rNeg    . . .      Spirit   .    b - +0 scale mail
rPois   .          Reflect  .    (helmet restricted)
rElec   .          Harm     .    (no cloak)
rCorr   .          Rampage  .    (no gloves)
Will    .....                    (no boots) Stlth
                                 (no amulet)
HPRegen 0.26/turn                (no ring)
MPRegen 0.08/turn                (no ring)

@: no status effects
A: horns 2, retaliatory headbutt
a: no special abilities


You were on level 3 of the Dungeon.
You visited 1 branch of the dungeon, and saw 4 of its levels.

You collected 136 gold pieces.

Inventory:

Hand Weapons
 a - a +0 long sword (weapon)
Missiles
 h - a throwing net (quivered)
Armour
 b - a +0 scale mail (worn)
 c - a +0 buckler (worn)
Jewellery
 t - an amulet of the acrobat
Scrolls
 e - a scroll of fear {unknown}
 f - a scroll of enchant weapon {unknown}
 g - 5 scrolls of identify {unknown}
 i - a scroll of enchant armour {unknown}
 n - a scroll of amnesia {unknown}
 q - a scroll of blinking {unknown}
Potions
 d - a potion of might
 j - 4 potions of curing {unknown}
 k - a potion of heal wounds {unknown}
 l - 2 potions of flight {unknown}
 m - a potion of berserk rage {unknown}
 o - a potion of mutation {unknown}
 p - a potion of invisibility {unknown}
 r - a potion of attraction {unknown}
 s - a potion of magic {unknown}


   Skills:
 + Level 4.5 Fighting
 + Level 4.1 Long Blades
 + Level 4.4 Armour
 + Level 0.9 Dodging
 + Level 4.1 Shields


You had 3 spell levels left.
You didn't know any spells.
Your spell library contained the following spells:

 Spells                   Type           Power      Damage    Failure   Level
 Freeze                   Ice            0%         1d3       88%         1
 Slow                     Hex            0%         N/A       88%         1
 Ensorcelled Hibernation  Hex/Ice        0%         N/A       95%         2
 Passwall                 Tmut/Erth      0%         N/A       95%         2
 Poisonous Vapours        Pois/Air       0%         N/A       95%         2
 Static Discharge         Conj/Air       0%         2-2/arc   95%         2
 Confusing Touch          Hex            0%         N/A       99%         3
 Swiftness                Air            0%         N/A       99%         3
 Vampiric Draining        Necr           0%         2d6       99%         3
 Vhi's Electric Charge    Tloc/Air       0%         N/A       99%         3
 Airstrike                Air            0%         2d(0-16)  100%        4
 Arcjolt                  Conj/Air       0%         1d10      100%        5
 Lightning Bolt           Conj/Air       0%         1d11      100%        5
 Metabolic Englaciation   Hex/Ice        0%         N/A       100%        5


Dungeon Overview and Level Annotations

Branches:
Dungeon (4/15)
 Temple: D:4-7

Altars:

Shops:
D:3 :[

Annotations:
D:4 Pikel


Innate Abilities, Weirdness & Mutations

You have a pair of horns on your head.
You reflexively headbutt those who attack you in melee.


Message History

You climb upwards.
There is a stone staircase leading down here.
You closely miss the lemure. The lemure hits you but does no damage.
The lemure hits you.
You hit the lemure but do no damage. The lemure hits you! The lemure hits you.
You slash the lemure! Your headbutt misses the lemure.
The lemure is moderately wounded.
The lemure hits you. x2
You are too injured to fight recklessly!
You are too injured to fight recklessly!
You are too injured to fight recklessly!
You are too injured to fight recklessly!
You slash the lemure!
The lemure is moderately wounded.
The lemure closely misses you. The lemure hits you but does no damage.
The lemure hits you. You block the lemure's attack.
You closely miss the lemure.
The lemure is moderately wounded.
The lemure barely misses you. The lemure hits you but does no damage.
You slash the lemure!
The lemure is severely wounded.
The lemure barely misses you. x2
You hit the lemure but do no damage.
The lemure is severely wounded.
The lemure barely misses you. x2; You furiously retaliate!
You headbutt the lemure! You miss the lemure. You headbutt the lemure.
The lemure is almost dead.
The lemure hits you. The lemure hits you but does no damage.
You miss the lemure.
The lemure is almost dead.
The lemure hits you.
* * * LOW HITPOINT WARNING * * *
The lemure hits you!
* * * LOW HITPOINT WARNING * * *
The lemure hits you but does no damage. x2
You hit the lemure. Your headbutt misses the lemure.
The lemure is almost dead.
The lemure hits you.
You die...

#.......##.# #.......#
##########.# ######### #.#
########## #.# ### #........#
#.# ##.## ##.######.#
#.###...##
#.....###.###.##.....##
#..##.......5.........#
#..######.##.@.#.....#########
#..######.#...5.#...###.....).
#.........##...###......######
#.###########.## ######.#
#.........# #.# #.#
#.#######.# #.# #.# #.#
#.###'## #.# ##.#####
#.##...## #.# #.#....#
#.#.....## #.######


You could see 2 lemures.

Vanquished Creatures
  A lemure (D:3)
  4 gnolls
  2 adders (D:2)
  A white imp (D:3)
  A worm (D:3)
  2 dart slugs
  2 orcs (D:3)
  3 bats
  2 endoplasms
  4 giant cockroaches
  6 goblins
  3 hobgoblins
  7 kobolds
  3 quokkas
  2 ball pythons
  5 frilled lizards
  3 rats
51 creatures vanquished.

Notes
Turn   | Place    | Note
-------+----------+-------------------------------------------
     0 | D:1      | Griffin23 the Minotaur Fighter began the quest for the Orb.
     0 | D:1      | Reached XP level 1. HP: 19/19 MP: 0/0
   164 | D:1      | Reached XP level 2. HP: 27/27 MP: 1/1
   577 | D:1      | Found a faded altar of an unknown god.
   848 | D:2      | Reached XP level 3. HP: 28/33 MP: 2/2
  1157 | D:2      | Got the Codex of the Wind and Snow
  1408 | D:3      | Found Hawat's Antique Armour Shoppe.
  1866 | D:3      | Reached XP level 4. HP: 41/41 MP: 3/3
  1894 | D:3      | Found Usyl Porr's Book Shoppe.
  3057 | D:4      | Noticed Pikel
  3057 | D:4      | Noticed a lemure
  3057 | D:4      | Noticed a lemure
  3057 | D:4      | Noticed a lemure
  3059 | D:4      | Noticed a lemure
  3073 | D:3      | Killed a lemure
  3399 | D:3      | HP: 2/41 [lemure[Pikel] (8)]
  3400 | D:3      | Slain by a lemure

Illustrated notes

Levels and vault maps discovered:
D:1:      lemuel_arrival_broad_hall, layout_loops_ring,
          dreamdust_ecumenical_altar_hidden_monk_grotto
D:2:      layout_rooms, chequers_hall_statues_wall_a
D:3:      layout_loops_corners, serial_shops, nicolae_shop_window_shopping,
          shop_fountains
D:4:      layout_cave_pools, gammafunk_ghost_abyssal_escape, uniq_pikel,
          uniq_crazy_yiuf_cottage

Skill      XL: |  1  2  3  4 |
---------------+-------------+-----
Fighting       | 4 |  4.5
Armour         | 4 |  4.4
Long Blades    | 3 4 |  4.1
Shields        | 4 |  4.1
Dodging        | |  0.9

Action                     |  1- 3 |  4- 6 || total
---------------------------+-------+-------++-------
  Melee: Long sword        |    90 |    45 ||   135
         Headbutt          |     6 |     9 ||    15
 Armour: Scale mail        |    37 |    16 ||    53
  Dodge: Dodged            |    46 |    29 ||    75
  Block: Buckler           |    20 |    16 ||    36

Table legend: (Time is in decaauts)
 A = Elapsed time spent in this place.
 B = Non-inter-level travel time spent in this place.
 C = Inter-level travel time spent in this place.
 D = Time resting spent in this place.
 E = Time spent auto-exploring this place.
 F = Levels seen in this place.
 G = Mean time per level.
                   A        B        C        D        E       F      G
               +--------+--------+--------+--------+--------+-----+--------+
         Total |   3438 |   3316 |    122 |   1007 |   1871 |   4 |  859.5 |
       Dungeon |   3438 |   3316 |    122 |   1007 |   1871 |   4 |  859.5 |
               +--------+--------+--------+--------+--------+-----+--------+

Top non-repeatable levels by time:
     D:3: 1429 daAuts
     D:2: 1249 daAuts
     D:1: 750 daAuts
     D:4: 8 daAuts
